cohdb
Replays
Latest Replays
All Replays
Popular Replays
Top Player Replays
Match Explorer
How It Works
Community
CoH3 Stats
Reddit
Sign in to upload your games and track your stats! →
Sign in with Steam
Match 47135985
Unlisted
Match 47135985
Overview
Messages
Build Orders
End
Construct Infanterie Kompanie
Pioneer Squad
Construct Infanterie Kompanie
Selects Italian Coastal Battlegroup
Selects Coastal Reserves
Coastal Reserve
MG 42 Machine Gun Team
Coastal Reserve
Construct Luftwaffe Kompanie
Coastal Reserve
Medical Station
221 Scout Car
Selects Designate Defensive Line
Selects Support Bunkers
Jäger Squad
Jäger Squad
Selects Rapid Fortifications
Rapid Fortifications
MG 42 Bunker
Sublime
Volve
Hulkster
hogarthw
RhysDevilx
D3athByS3xy
unes vampire
downrightcrispy
0
0
Comments
sign in to comment!
No comments posted yet!